 Dungeon Crawl Stone Soup version 0.18-a0-1797-gc18daef (webtiles) character file.

7 macross the Sneak (level 1, -3/10 HPs)
             Began as a Spriggan Assassin on Apr 22, 2016.
             Slain by an ice beast (9 damage)
             ... on level 5 of the Dungeon.
             The game lasted 00:02:42 (625 turns).

macross the Sneak (Spriggan Assassin)                Turns: 625, Time: 00:02:43

Health: -3/10      AC:  3    Str:  7    XL:     1   Next: 91%
Magic:  2/2        EV: 17    Int: 12    God:
Gold:   129        SH:  0    Dex: 17    Spells: 0 memorised, 0 levels left

rFire  . . .     SeeInvis +     a - +2 dagger
rCold  . . .     Gourm    .     c - +0 robe
rNeg   . . .     Faith    .     (shield restricted)
rPois  .         Spirit   .     (helmet restricted)
rElec  .         Dismiss  .     d - +0 cloak
rCorr  .         Reflect  .     (gloves unavailable)
SustAt .         Harm     .     (boots unavailable)
MR     .....                    (no amulet)
Stlth  ++++......               (no ring)
                                (no ring)

@: very quick, not resistant to hostile enchantments, stealthy
A: unfitting armour, see invisible, herbivore 3, speed 3, slow metabolism 2
a: no special abilities


You were on level 5 of the Dungeon.
You were not hungry.

You visited 1 branch of the dungeon, and saw 6 of its levels.

You collected 129 gold pieces.

Inventory:

Hand Weapons
 a - a +2 dagger (weapon)
 b - a +0 blowgun
Missiles
 e - 8 poisoned needles
 f - 2 curare-tipped needles
Armour
 c - a +0 robe (worn)
 d - a +0 cloak (worn)
Jewellery
 o - an uncursed ring of protection from cold {unknown}
Scrolls
 h - a scroll of teleportation {unknown}
 i - a scroll of amnesia {unknown}
 j - a scroll of random uselessness {unknown}
 k - 2 scrolls of remove curse {unknown}
 m - a scroll of noise {unknown}
 n - a scroll of immolation {unknown}
 p - a scroll of enchant weapon {unknown}
Potions
 l - a potion of flight {unknown}
Comestibles
 g - a bread ration


   Skills:
 + Level 1.6 Fighting
 + Level 2.4 Short Blades
 + Level 2.0 Throwing
 + Level 1.5 Dodging
 + Level 6.3 Stealth


You couldn't memorise any spells.
You didn't know any spells.

Dungeon Overview and Level Annotations

Branches:
Dungeon (6/15)
 Temple: D:4-7

Altars:

Annotations:
D:3 Robin
D:5 Dowan, Duvessa


Innate Abilities, Weirdness & Mutations

You are tiny and cannot use many weapons and most armour.
You have supernaturally acute eyesight.
You are a herbivore.
You cover ground extremely quickly.
You need consume almost no food.


Message History

Found 20 gold pieces.
There is a stone staircase leading down here.
Dowan casts a spell at you. The puff of flame misses you.
You see here 12 gold pieces.
Dowan gestures at Duvessa while chanting.
Duvessa seems to speed up.
The howler monkey hoots and howls with incredible vigour!
You hear a bark!
You open the door.
An ice beast comes into view.
There is an open door here.
You close the door.
A howler monkey opens the door.
A hound comes into view.
The ice beast hits you but does no damage.
The howler monkey hoots and howls with incredible vigour!
The hound barks!
You hear an angry hiss.
You hear a shout!
Duvessa barely misses you. The ice beast hits you. The ice beast freezes you!
Ouch! That really hurt!
You die...

#...... #....Z
#..h.. #....# ###
#....#########..#
#....#..........#
#....#..........#
#..@Y#....e>....#
#...eh..$....$..#
#################


You could see Duvessa, an ice beast, a howler monkey, a hound and a howler
monkey zombie.

Vanquished Creatures
  A dart slug (D:2)
  2 hobgoblins
  A bat (D:3)
  2 giant newts
6 creatures vanquished.

Notes
Turn   | Place    | Note
--------------------------------------------------------------
     0 | D:1      | macross the Spriggan Assassin began the quest for the Orb.
     0 | D:1      | Reached XP level 1. HP: 10/10 MP: 2/2
    34 | D:1      | Reached skill level 6 in Stealth
   200 | D:3      | Found a faded altar to an unknown god.
   205 | D:3      | Noticed Robin
   248 | D:5      | Entered Level 5 of the Dungeon
   380 | D:6      | Noticed a jelly
   427 | D:6      | Noticed a worker ant
   614 | D:5      | Noticed Duvessa
   614 | D:5      | Noticed Dowan
   614 | D:5      | Noticed a howler monkey
   621 | D:5      | Noticed an ice beast
   624 | D:5      | Noticed a hound
   625 | D:5      | Slain by an ice beast

Vault maps used:
D:1:      evilmike_arrival_hilbert_curve
D:2:      uniq_sigmund
D:3:      grunt_temple_overflow_growth_and_decay, okawaru_ov_weapons_minmay,
          ecumenical_altar_1, uniq_robin
D:4:      minmay_temple_entry_nine_rooms, first_bread, minivault_5, uniq_grinder
D:5:      uniq_duvessa
D:6:      grunt_temple_overflow_cloverleaf

Skill      XL: |  1 |
---------------+----+-----
Stealth        | 6 |  6.3
Fighting       | |  1.6
Short Blades   | |  2.4
Throwing       | |  2.0
Dodging        | |  1.5

Action                   || total
-------------------------++-------
Melee: Dagger            ||    16
 Stab: Sleeping          ||     3
Armor: Robe              ||     3
Dodge: Dodged            ||    22
